 Dungeon Crawl Stone Soup version 0.29-a0-721-g7f417c9bbb (webtiles) character file.

Game seed: 9736687155837820573

1089 crusatyr the Fortune-Teller (level 8, -7/56 (58) HPs)
             Began as a Demonspawn Monk on June 28, 2022.
             Was a Believer of Nemelex Xobeh.
             Mangled by a black bear (10 damage)
             ... on level 5 of the Dungeon.
             The game lasted 00:09:09 (6529 turns).

crusatyr the Fortune-Teller (Demonspawn Monk)       Turns: 6529, Time: 00:09:10

HP:   -7/56 (58)    AC: 12    Str: 14    XL:     8   Next: 9%
MP:   13/13         EV:  6    Int: 15    God:    Nemelex Xobeh [**....]
Gold: 177           SH:  4    Dex: 16    Spells: 7/7 levels left

rFire   . . .      SeeInvis .   a - +0 falchion
rCold   + . .      Faith    .   (no shield)
rNeg    . . .      Spirit   .   x - +0 chain mail {rC+}
rPois   .          Reflect  .   (helmet restricted)
rElec   .          Harm     .   m - +2 cloak
rCorr   .          Rampage  .   (no gloves)
Will    .....                   n - +0 pair of boots
Stlth   ..........              (no amulet)
HPRegen 0.18/turn               (no ring)
MPRegen 0.13/turn               (no ring)

@: lightly drained
A: antennae 2, big brain 2, condensation shield
a: Renounce Religion, Draw Escape, Draw Destruction, Draw Summoning


You were on level 5 of the Dungeon.
You worshipped Nemelex Xobeh.
Nemelex Xobeh was pleased with you.
You visited 1 branch of the dungeon, and saw 5 of its levels.

You collected 268 gold pieces.
You spent 91 gold pieces at shops.

Inventory:

Hand Weapons
 a - a +0 falchion (weapon)
Armour
 m - a +2 cloak (worn)
 n - a +0 pair of boots (worn)
 t - a +0 chain mail
 x - a +0 chain mail of cold resistance (worn)
Jewellery
 j - a ring of flight
 k - a ring of magical power
 u - an amulet of reflection
Wands
 g - a wand of iceblast (2)
 q - a wand of flame (12)
 s - a wand of mindburst (19)
Scrolls
 d - 8 scrolls of identify {unknown}
 e - 3 scrolls of teleportation {unknown}
 f - a scroll of blinking {unknown}
 h - a scroll of summoning {unknown}
 i - a scroll of fear {unknown}
 l - a scroll of noise {unknown}
 p - a scroll of brand weapon {unknown}
 r - a scroll of fog {unknown}
 y - a scroll of amnesia {unknown}
Potions
 b - a potion of flight {unknown}
 c - 2 potions of ambrosia
 o - a potion of resistance {unknown}
 v - a potion of brilliance {unknown}
 w - a potion of attraction {unknown}
 z - a potion of mutation {unknown}


   Skills:
 - Level 3.0 Fighting
 + Level 6.0 Long Blades
 - Level 2.6 Dodging
 - Level 1.7 Stealth
 * Level 7.8 Invocations
 + Level 4.1 Evocations


You had 7 spell levels left.
You didn't know any spells.
Your spell library contained the following spells:

 Spells                   Type           Power      Damage    Failure   Level
 Magic Dart               Conj           0%         1d3       100%        1
 Call Imp                 Summ           0%         N/A       100%        2
 Mephitic Cloud           Conj/Pois/Air  0%         N/A       100%        3
 Animate Armour           Summ/Erth      0%         N/A       100%        4
 Blade Hands              Tmut           0%         N/A       100%        5
 Iron Shot                Conj/Erth      0%         9d1       100%        6


Dungeon Overview and Level Annotations

Branches:
Dungeon (5/15)
 Temple: D:4-7

Altars:
Ashenzari
Kikubaaqudgha
Nemelex Xobeh
Sif Muna

Shops:
D:2 *


Innate Abilities, Weirdness & Mutations

You have a pair of antennae on your head.
You have an extremely huge brain. (Int +4)
A meltable shield of frost defends you. (SH +4)


Message History

You block the black bear's attack. The black bear bites you.
The black bear claws you. x2
You barely miss the black bear.
The black bear is severely wounded.
The black bear bites you.
The black bear claws you but does no damage.
You block the black bear's attack.
You closely miss the black bear.
The black bear is severely wounded.
The black bear bites you but does no damage.
The black bear barely misses you. The black bear claws you.
The black bear barely misses you. You block the black bear's attack.
The black bear claws you but does no damage.
You hit the black bear.
The black bear is severely wounded.
You block the black bear's attack. The black bear claws you. x2
You barely miss the black bear.
The black bear is severely wounded.
You block the black bear's attack.
The black bear claws you but does no damage.
The black bear claws you. The black bear completely misses you.
The black bear claws you but does no damage.
The black bear barely misses you.
You barely miss the black bear.
The black bear is severely wounded.
The black bear bites you!
* * * LOW HITPOINT WARNING * * *
The black bear claws you but does no damage.
The black bear barely misses you.
You hit the black bear.
The black bear is severely wounded.
The black bear bites you.
* * * LOW HITPOINT WARNING * * *
The black bear claws you.
* * * LOW HITPOINT WARNING * * *
The black bear claws you.
* * * LOW HITPOINT WARNING * * *
The black bear bites you!
You die...
Your body glows slightly and disappears.

#.........รท.#..).....
#...........#........
#..#...###.##........
##.#.#.# #.#..##.....
#####.# #.#.###..^..
+.###...# #.....
####..### ##.... ###
#..# #.... #@# ##..#
#.#.. #
##h###...######...#
#..##.J.......#...#..##
#....................
#)...##............<..##
#.#.# #...........<....#
# #. #..............#..
. #..............).# .
#........#.......#


You could see a black bear (berserk) and a jelly.

Vanquished Creatures
  An ogre (D:5)
  A centaur (D:4)
  A phantom (D:4)
  3 necrophages
  2 hounds
  2 jellies
  Jessica (D:2)
  An orc wizard (D:4)
  Ijyb (D:3)
  5 gnolls
  2 adders
  5 dart slugs
  13 orcs
  A ball python (D:1)
  2 bats
  5 endoplasms
  2 giant cockroaches
  5 goblins
  7 hobgoblins
  5 jackals
  7 kobolds
  A quokka (D:1)
  2 frilled lizards
  6 rats
81 creatures vanquished.

Vanquished Creatures (collateral kills)
  A black bear (D:4)
  A necrophage (D:4)
  A scorpion (D:4)
  Crazy Yiuf (D:3)
  An orc priest (D:5)
  A hound (D:5)
  An iguana (D:5)
  4 orcs (D:4)
11 creatures vanquished.

Grand Total: 92 creatures vanquished

Notes
Turn   | Place    | Note
-------+----------+-------------------------------------------
     0 | D:1      | crusatyr the Demonspawn Monk began the quest for the Orb.
     0 | D:1      | Reached XP level 1. HP: 18/18 MP: 1/1
   597 | D:1      | Gained mutation: You have an unusually large brain. (Int
                  | +2) [demonic ancestry]
   597 | D:1      | Reached XP level 2. HP: 13/24 MP: 2/2
  1178 | D:1      | Found a faded altar of an unknown god.
  1737 | D:2      | Noticed Jessica
  1752 | D:2      | Killed Jessica
  1753 | D:2      | Reached XP level 3. HP: 24/29 MP: 3/3
  2171 | D:2      | Found Uloyliym's General Store.
  2180 | D:2      | Bought a wand of iceblast (3) for 91 gold pieces
  2346 | D:3      | Gained mutation: You have an extremely huge brain. (Int +4)
                  | [demonic ancestry]
  2346 | D:3      | Reached XP level 4. HP: 19/35 MP: 4/4
  2579 | D:3      | Found a shimmering blue altar of Sif Muna.
  2584 | D:3      | Found an ancient bone altar of Kikubaaqudgha.
  2586 | D:3      | Found a sparkling altar of Nemelex Xobeh.
  2588 | D:3      | Found a broken altar of Ashenzari.
  2654 | D:3      | Became a worshipper of Nemelex Xobeh the Trickster
  2654 | D:3      | Reached * piety under Nemelex Xobeh
  2654 | D:3      | Received a gift from Nemelex Xobeh
  2654 | D:3      | Reached ** piety under Nemelex Xobeh
  2891 | D:3      | Found a runed translucent door.
  2892 | D:3      | Noticed Crazy Yiuf
  3097 | D:3      | Reached skill level 1 in Invocations
  3097 | D:3      | Reached skill level 1 in Evocations
  3194 | D:3      | Noticed Ijyb
  3206 | D:3      | Killed Ijyb
  3207 | D:3      | Reached skill level 2 in Invocations
  3207 | D:3      | Gained mutation: You have a pair of small antennae on your
                  | head. [demonic ancestry]
  3207 | D:3      | Reached XP level 5. HP: 19/41 MP: 6/6
  3551 | D:3      | Killed Crazy Yiuf
  3807 | D:4      | Noticed a black bear
  3811 | D:4      | Killed a black bear
  3812 | D:4      | Reached skill level 3 in Invocations
  3812 | D:4      | Gained mutation: A meltable shield of frost defends you.
                  | (SH +4) [demonic ancestry]
  3812 | D:4      | Reached XP level 6. HP: 46/47 MP: 8/8
  3814 | D:4      | Reached skill level 5 in Long Blades
  3814 | D:4      | Reached skill level 4 in Invocations
  4075 | D:4      | Reached skill level 5 in Invocations
  4510 | D:4      | Gained mutation: You have a pair of antennae on your head.
                  | [demonic ancestry]
  4510 | D:4      | Reached XP level 7. HP: 52/52 MP: 11/11
  4835 | D:5      | Entered Level 5 of the Dungeon
  4900 | D:4      | Reached skill level 6 in Invocations
  5481 | D:5      | HP: 1/52 [ogre/+0 giant club (26)]
  5826 | D:5      | Received a gift from Nemelex Xobeh
  5869 | D:5      | Reached skill level 7 in Invocations
  6177 | D:5      | Reached XP level 8. HP: 19/58 MP: 13/13
  6529 | D:5      | Mangled by a black bear

Illustrated notes

Levels and vault maps discovered:
D:1:      dpeg_arrival_ternary, layout_basic, basic_ecumenical_altar
D:2:      layout_basic, serial_shops, nicolae_shop_trees, uniq_jessica
D:3:      layout_basic, minitemple, chequers_serial_rivers_micro_e,
          glass_columns_b, uniq_crazy_yiuf_cottage, uniq_ijyb
D:4:      layout_basic
D:5:      layout_rooms, st_stairs_3, minmay_misc_feat_tower,
          supply_closet_lemuel

Skill      XL: |  1  2  3  4  5  6  7  8 |
---------------+-------------------------+-----
Long Blades    | 3 4 5 6 |  6.0
Invocations    | 2 3 5 7 |  7.8
Evocations     | 1 2 3 4 |  4.1
Fighting       | |  3.0
Dodging        | |  2.6
Stealth        | |  1.7

Action                   |  1- 3 |  4- 6 |  7- 9 || total
-------------------------+-------+-------+-------++-------
Melee: Falchion          |   101 |   113 |   180 ||   394
       Punch             |       |     3 |       ||     3
Invok: Draw Destruction  |       |     6 |     4 ||    10
       Draw Summoning    |       |     2 |     1 ||     3
       Draw Escape       |       |       |     2 ||     2
Evoke: Wand              |       |     6 |       ||     6
  Use: Potion            |       |       |     2 ||     2
 Stab: Sleeping          |     1 |       |       ||     1
Armor: Robe              |    15 |       |       ||    15
       Ring mail         |    25 |    32 |       ||    57
       Chain mail        |       |    45 |   167 ||   212
Dodge: Dodged            |    69 |    55 |    67 ||   191
Block: Other             |       |    10 |    38 ||    48

Table legend: (Time is in decaauts)
 A = Elapsed time spent in this place.
 B = Non-inter-level travel time spent in this place.
 C = Inter-level travel time spent in this place.
 D = Time resting spent in this place.
 E = Time spent auto-exploring this place.
 F = Levels seen in this place.
 G = Mean time per level.
                   A        B        C        D        E       F      G
               +--------+--------+--------+--------+--------+-----+--------+
         Total |   6553 |   6388 |    165 |   2386 |   2961 |   5 | 1310.6 |
       Dungeon |   6553 |   6388 |    165 |   2386 |   2961 |   5 | 1310.6 |
               +--------+--------+--------+--------+--------+-----+--------+

Top non-repeatable levels by time:
     D:4: 1686 daAuts
     D:3: 1493 daAuts
     D:1: 1418 daAuts
     D:5: 1120 daAuts
     D:2: 834 daAuts
